 Dungeon Crawl Stone Soup version 0.24.0-123-gd5b16e6ec5 (webtiles) character file.

Game seed: 5132286692648501092, levelgen mode: deterministic

804 FishyPogo the Sneak (level 7, 0/45 HPs)
             Began as an Octopode Fire Elementalist on Feb 3, 2020.
             Slain by a gnoll
             ... wielding a +0 spear
              (8 damage)
             ... on level 5 of the Dungeon on Feb 4, 2020.
             The game lasted 00:21:01 (4875 turns).

FishyPogo the Sneak (Octopode Fire Elementalist)    Turns: 4875, Time: 00:21:02

Health: 0/45       AC:  1    Str:  9    XL:     7   Next: 91%
Magic:  9/10       EV: 14    Int: 18    God:
Gold:   231        SH:  0    Dex: 12    Spells: 1/10 levels left

rFire    + . .     SeeInvis .   a - +5 whip (vamp)
rCold    . . .     Gourm    .   (no shield)
rNeg     . . .     Faith    .   (helmet restricted)
rPois    +         Spirit   .   (no amulet)
rElec    .         Reflect  .   e - ring of wizardry
rCorr    .         Harm     .   l - ring of poison resistance
MR       .....                  q - ring of protection from fire
Stlth    ++++......             (no ring)
HPRegen  0.15/turn              (no ring)
MPRegen  0.12/turn              (no ring)
                                (no ring)
                                (no ring)

@: no status effects
A: almost no armour, stealthy swim, amphibious, 8 rings, constrict 8, camouflage
1, gelatinous body 1
a: no special abilities


You were on level 5 of the Dungeon.
You were not hungry.

You visited 1 branch of the dungeon, and saw 5 of its levels.

You collected 231 gold pieces.

Inventory:

Hand Weapons
 a - a +5 vampiric whip (weapon)
 h - a +0 dagger of electrocution
 y - a +0 dagger of flaming
Missiles
 d - 119 stones (quivered)
 f - 33 poisoned darts
 s - 5 boomerangs
 t - 2 datura-tipped darts
Jewellery
 e - a ring of wizardry (left tentacle)
 l - a ring of poison resistance (right tentacle)
 q - a ring of protection from fire (on tentacle)
Wands
 r - a wand of polymorph (2)
 z - a wand of flame (10)
Scrolls
 c - 2 scrolls of amnesia {unknown}
 i - 4 scrolls of teleportation {unknown}
 j - 4 scrolls of remove curse {unknown}
 k - 2 scrolls of enchant weapon {unknown}
 n - a scroll of blinking {unknown}
Potions
 g - 2 potions of resistance
 m - 2 potions of mutation {unknown}
 o - a potion of cancellation {unknown}
 p - a potion of agility {unknown}
 u - a potion of brilliance {unknown}
 v - 2 potions of curing {unknown}
 w - 2 potions of berserk rage {unknown}
 x - a potion of magic {unknown}
Comestibles
 b - 6 rations
 A - 2 chunks of flesh


   Skills:
 + Level 2.7 Fighting
 - Level 2.2 Short Blades
 * Level 4.9 Maces & Flails
 - Level 3.0 Dodging
 + Level 6.4 Stealth
 - Level 2.1 Spellcasting
 - Level 1.0 Conjurations
 - Level 4.0 Fire Magic


You had one spell level left.
You knew the following spells:

 Your Spells              Type           Power        Failure   Level  Hunger
a - Flame Tongue          Conj/Fire      ##...        2%          1    #......
b - Throw Flame           Conj/Fire      ##....       4%          2    ###....
c - Mephitic Cloud        Conj/Pois/Air  #.......     19%         3    ###....
j - Conjure Flame         Conj/Fire      ##......     8%          3    ###....

Your spell library contained the following spells:

 Spells                   Type           Power        Failure   Level  Hunger
 Magic Dart               Conj           #...         4%          1    #......
 Inner Flame              Hex/Fire       #.......     10%         3    ###....
 Blink                    Tloc           N/A          11%         2    ###....
 Call Imp                 Summ           #.......     11%         2    ###....
 Slow                     Hex            #.......     11%         2    ###....
 Sticky Flame             Conj/Fire      ##......     26%         4    #####..
 Fireball                 Conj/Fire      ##........   54%         5    ######.


Dungeon Overview and Level Annotations

Branches:
Dungeon (5/15)
 Temple: D:4-7

Altars:
Ashenzari
Fedhas
Hepliaklqana
Nemelex Xobeh
Uskayaw

Annotations:
D:3 3 runed translucent doors, Mandevil's ghost, amateur OpAK


Innate Abilities, Weirdness & Mutations

You cannot wear most types of armour.
You are very stealthy in the water. (Stealth+)
You are amphibious.
You can wear up to eight rings at the same time.
You can use your tentacles to constrict eight enemies at once.
Your skin changes colour to match your surroundings (Stealth+).
Your rubbery body absorbs attacks. (AC +1, EV +1)


Message History

The orc priest hits you but does no damage.
The orc throws a stone.
The stone misses you. The gnoll closely misses you.
You hit the orc priest.
You kill the orc priest!
The orc throws a stone.
The stone barely misses you. The gnoll hits you with a +0 spear!
* * * LOW HITPOINT WARNING * * *
Items here: )) [[ † a +0 dagger; a +0 robe; a +0 whip; a +0 leather armour; an orc corpse You hit the gnoll.
You feel better.
Your grab misses the gnoll.
The gnoll is moderately wounded.
The gnoll hits you with a +0 spear.
* * * LOW HITPOINT WARNING * * *
The orc hits you with a +0 whip.
* * * LOW HITPOINT WARNING * * *
Unknown command.
You hit the gnoll.
You feel better.
You grab the gnoll.
The gnoll is severely wounded.
You constrict the gnoll. The gnoll hits you with a +0 spear!
You die...

.# .# .# #.#..#
#####.#
##.#..####...??#
###.....#........#
.......#(.......#
#.....#...()...# #
#.#.....).@oZ.# #
#....#[.###g.## #
##.#.....# #..#
######...###..# #..#
........#.###.......
.###.##.##.####.##.##
............. .# .#
.###.##.##.### # ..
.# ##.#.# #


You could see a gnoll, an orc and an adder skeleton.

Vanquished Creatures
  A sky beast (D:5)
  An ogre (D:4)
  A bullfrog (D:4)
  A water moccasin skeleton (D:4)
  4 orc priests
  A bullfrog skeleton (D:4)
  3 orc wizards
  2 worker ants
  Robin (D:2)
  9 adders
  A gnoll (D:1)
  An adder skeleton (D:4)
  5 worms
  3 dart slugs
  3 leopard geckos
  9 orcs
  10 bats
  10 giant cockroaches
  12 goblins
  9 hobgoblins
  4 jackals
  6 quokkas
  7 frilled lizards
  A jackal skeleton (D:4)
  7 kobolds
  A leopard gecko skeleton (D:4)
  9 rats
122 creatures vanquished.

Notes
Turn   | Place    | Note
-------+----------+-------------------------------------------
     0 | D:1      | FishyPogo the Octopode Fire Elementalist began the quest
                  | for the Orb.
     0 | D:1      | Reached XP level 1. HP: 11/11 MP: 3/3
   130 | D:1      | Reached XP level 2. HP: 16/17 MP: 1/5
   153 | D:1      | Learned a level 2 spell: Throw Flame
   471 | D:1      | Reached XP level 3. HP: 18/21 MP: 1/6
   882 | D:1      | Reached skill level 1 in Short Blades
  1137 | D:2      | Reached skill level 3 in Stealth
  1241 | D:2      | Reached XP level 4. HP: 26/27 MP: 0/7
  1266 | D:2      | Reached skill level 1 in Fighting
  1368 | D:2      | Found a sparkling altar of Nemelex Xobeh.
  1372 | D:2      | Found a blossoming altar of Fedhas.
  1372 | D:2      | Found a hide-covered altar of Uskayaw.
  1690 | D:2      | Learned a level 3 spell: Conjure Flame
  1811 | D:2      | Reached XP level 5. HP: 27/33 MP: 0/8
  1966 | D:2      | Noticed Robin
  2187 | D:2      | Killed Robin
  2584 | D:3      | Found a shattered altar of Ashenzari.
  2671 | D:3      | Reached skill level 1 in Maces & Flails
  2671 | D:3      | Reached skill level 4 in Stealth
  2674 | D:3      | Reached XP level 6. HP: 10/39 MP: 7/9
  3015 | D:3      | Found a runed translucent gate.
  3015 | D:3      | Found a runed translucent gate.
  3015 | D:3      | Found a runed translucent gate.
  3018 | D:3      | Noticed Mandevil's ghost (amateur OpAK)
  3492 | D:4      | Learned a level 3 spell: Mephitic Cloud
  3516 | D:4      | Found a hazy altar of Hepliaklqana.
  3700 | D:4      | Reached skill level 5 in Stealth
  3765 | D:4      | Reached XP level 7. HP: 32/45 MP: 4/10
  3932 | D:5      | Entered Level 5 of the Dungeon
  4691 | D:5      | Reached skill level 6 in Stealth
  4875 | D:5      | Slain by a gnoll

Levels and vault maps discovered:
D:1:      beargit_arrival_greenhouse, layout_basic, chequers_mini_garden,
          st_stairs_10
D:2:      layout_basic, grunt_temple_overflow_open, minmay_joined_circles,
          uniq_robin
D:3:      layout_rooms, ashenzari_altar_1, first_ration,
          ebering_ghost_rock_garden
D:4:      layout_cave_pods, kennysheep_little_box, st_stairs_4,
          chequers_serial_rivers_micro_d, minmay_fractal_squares_gapless_5
D:5:      layout_loops_ring

Skill      XL: |  1  2  3  4  5  6  7 |
---------------+----------------------+-----
Short Blades   | 1 2 |  2.2
Stealth        | 3 4 5 6 |  6.4
Fighting       | 1 2 |  2.7
Fire Magic     | 4 |  4.0
Maces & Flails | 1 3 4 |  4.9
Dodging        | 3 |  3.0
Spellcasting   | |  2.1
Conjurations   | |  1.0

Action                   |  1- 3 |  4- 6 |  7- 9 || total
-------------------------+-------+-------+-------++-------
Melee: Unarmed           |     9 |       |       ||     9
       Dagger            |    24 |    38 |       ||    62
       Constrict         |     8 |    19 |    14 ||    41
       Tentacles         |     4 |    13 |     6 ||    23
       Whip              |       |    48 |    53 ||   101
Throw: Stone             |     3 |       |       ||     3
 Cast: Flame Tongue      |    35 |    52 |    19 ||   106
       Throw Flame       |     5 |    29 |     8 ||    42
       Conjure Flame     |       |     3 |       ||     3
  Use: Potion            |       |     2 |       ||     2
 Stab: Sleeping          |     4 |     5 |     1 ||    10
  Eat: Chunk             |     2 |     9 |     2 ||    13
       Ration            |       |       |     1 ||     1
Armor: Skin              |    13 |     6 |     3 ||    22
Dodge: Dodged            |    26 |    75 |    31 ||   132
